2880 views
Uploaded 2020-02-01 23:41:10
Game version 1.32 / 1.32.1
25:57 long 4on4 ladder game on (8)TwilightRuins_LV
Saved by BEARAND
2880 views
Uploaded 2020-02-01 23:41:10
Game version 1.32 / 1.32.1
25:57 long 4on4 ladder game on (8)TwilightRuins_LV


204 units @ 31.5k
/ 5.2k
81 buildings @ 11.4k
/ 4.7k


| Scroll of Town Portal | 3 | 1050 |
| Boots of Speed | 1 | 250 |
| Potion of Lesser Invulnerability | 2 | 300 |
| Replenishment Potion | 1 | 150 |
| Ring of Regeneration | 1 | 300 |
| total: | 8 | 2050g |
| Wisp | 10 | 600 | / | 0 |
| Archer | 28 | 3640 | / | 280 |
| Druid of the Talon | 16 | 2320 | / | 320 |
| Glaive Thrower | 5 | 1050 | / | 325 |
| Goblin Shredder | 1 | 375 | / | 100 |
| Tauren | 5 | 1400 | / | 400 |
| Gryphon Rider | 9 | 2520 | / | 630 |
| Mortar Team | 3 | 540 | / | 210 |
| Flying Machine | 1 | 100 | / | 30 |
| Siege Engine | 5 | 975 | / | 300 |
| total: | 83 | 13520g | / | 2595w |
| Moon Well | 8 | 1440 | / | 320 |
| Altar of Elders | 1 | 180 | / | 50 |
| Ancient of War | 2 | 300 | / | 120 |
| Tree of Life | 1 | 340 | / | 185 |
| Hunter's Hall | 1 | 210 | / | 100 |
| Ancient of Wonders | 1 | 90 | / | 30 |
| Ancient of Wind | 1 | 150 | / | 140 |
| Tree of Ages | 1 | 320 | / | 180 |
| Tree of Eternity | 1 | 330 | / | 200 |
| Orc Burrow | 5 | 800 | / | 200 |
| total: | 20 | 3510g | / | 1145w |
| 0:09 | Wisp |
| 0:09 | Wisp |
| 0:10 | Wisp |
| 0:10 | Wisp |
| 0:10 | Wisp |
| 0:10 | Wisp |
| 0:10 | Wisp |
| 0:52 | Moon Well |
| 0:53 | Moon Well |
| 0:58 | Altar of Elders |
| 1:18 | Ancient of War |
| 1:19 | Ancient of War |
| 1:44 | Moon Well |
| 1:44 | Moon Well |
| 1:45 | Moon Well |
| 1:46 | Moon Well |
| 1:47 | Moon Well |
| 1:54 | Wisp |
| 1:54 | Wisp |
| 2:54 | Archer |
| 2:54 | Archer |
| 2:54 | Archer |
| 2:54 | Archer |
| 3:48 | Archer |
| 3:49 | Archer |
| 3:56 | Searing Arrows |
| 4:23 | Archer |
| 4:33 | Archer |
| 4:51 | Archer |
| 5:38 | Tree of Life |
| 5:59 | Trueshot Aura |
| 6:32 | Tree of Ages |
| 6:34 | Archer |
| 6:35 | Archer |
| 6:35 | Archer |
| 6:48 | Archer |
| 6:55 | Archer |
| 7:23 | Goblin Shredder |
| 7:34 | Trueshot Aura |
| 8:07 | Archer |
| 8:07 | Archer |
| 8:49 | Searing Arrows |
| 8:56 | Tree of Eternity |
| 9:01 | Ancient of Wind |
| 9:28 | Improved Bows |
| 9:28 | Archer |
| 9:29 | Archer |
| 9:29 | Archer |
| 10:07 | Boots of Speed |
| 10:08 | Scroll of Town Portal |
| 10:08 | Scroll of Town Portal |
| 10:09 | Potion of Lesser Invulnerability |
| 10:24 | Druid of the Talon Adept Training |
| 10:25 | Druid of the Talon |
| 10:25 | Druid of the Talon |
| 10:25 | Druid of the Talon |
| 10:31 | Archer |
| 10:51 | Archer |
| 10:55 | Archer |
| 11:13 | Archer |
| 11:31 | Replenishment Potion |
| 11:38 | Ring of Regeneration |
| 11:47 | Druid of the Talon Master Training |
| 11:54 | Hunter's Hall |
| 13:14 | Ancient of Wonders |
| 13:19 | Moon Well |
| 13:21 | Wisp |
| 13:31 | Scroll of Town Portal |
| 13:32 | Potion of Lesser Invulnerability |
| 13:51 | Mark of the Talon |
| 13:54 | Marksmanship |
| 13:56 | Strength of the Moon |
| 13:57 | Ultravision |
| 14:14 | Druid of the Talon |
| 14:17 | Druid of the Talon |
| 14:23 | Strength of the Wild |
| 14:36 | Archer |
| 14:39 | Well Spring |
| 16:00 | Glaive Thrower |
| 16:01 | Glaive Thrower |
| 16:02 | Vorpal Blades |
| 16:42 | Druid of the Talon |
| 16:42 | Druid of the Talon |
| 16:42 | Druid of the Talon |
| 16:42 | Druid of the Talon |
| 17:09 | Improved Strength of the Wild |
| 17:09 | Improved Strength of the Moon |
| 17:45 | Archer |
| 17:45 | Archer |
| 17:45 | Archer |
| 17:51 | Thorns Aura |
| 18:50 | Glaive Thrower |
| 18:51 | Glaive Thrower |
| 19:26 | Glaive Thrower |
| 19:28 | Moon Armor |
| 20:06 | Tauren |
| 20:06 | Tauren |
| 20:06 | Tauren |
| 20:06 | Tauren |
| 20:06 | Tauren |
| 20:20 | Gryphon Rider |
| 20:20 | Gryphon Rider |
| 20:24 | Siege Engine |
| 20:25 | Mortar Team |
| 20:25 | Mortar Team |
| 20:25 | Mortar Team |
| 21:37 | Gryphon Rider |
| 21:37 | Gryphon Rider |
| 21:37 | Gryphon Rider |
| 21:48 | Druid of the Talon |
| 21:48 | Druid of the Talon |
| 21:48 | Druid of the Talon |
| 21:48 | Druid of the Talon |
| 21:48 | Druid of the Talon |
| 21:48 | Druid of the Talon |
| 21:49 | Druid of the Talon |
| 21:51 | Archer |
| 23:09 | Trueshot Aura |
| 23:34 | Brilliance Aura |
| 23:41 | Siege Engine |
| 23:42 | Siege Engine |
| 23:42 | Siege Engine |
| 23:42 | Siege Engine |
| 23:55 | Gryphon Rider |
| 23:55 | Gryphon Rider |
| 23:55 | Gryphon Rider |
| 23:55 | Gryphon Rider |
| 24:39 | Orc Burrow |
| 24:40 | Orc Burrow |
| 24:40 | Orc Burrow |
| 24:40 | Orc Burrow |
| 24:41 | Orc Burrow |
| 25:13 | Flying Machine |
| Right click | 403 |
| Select | 295 |
| Build/train/purchase | 134 |
| Use ability | 7 |
| Item give/drop | 5 |
| Misc. action | 1 |


| Scroll of Town Portal | 1 | 350 |
| Periapt of Vitality | 1 | 325 |
| Circlet of Nobility | 1 | 175 |
| Medallion of Courage | 1 | 500 |
| Gauntlets of Ogre Strength +3 | 1 | 100 |
| total: | 5 | 1450g |
| Peasant | 20 | 1500 | / | 0 |
| Footman | 1 | 135 | / | 0 |
| Rifleman | 12 | 2460 | / | 360 |
| Gryphon Rider | 5 | 1400 | / | 350 |
| Shaman | 3 | 390 | / | 60 |
| Tauren | 3 | 840 | / | 240 |
| total: | 44 | 6725g | / | 1010w |
| Scout Tower | 4 | 120 | / | 80 |
| Arcane Tower | 4 | 280 | / | 200 |
| Farm | 12 | 960 | / | 240 |
| Altar of Kings | 1 | 180 | / | 50 |
| Barracks | 1 | 160 | / | 60 |
| Blacksmith | 1 | 140 | / | 60 |
| Town Hall | 1 | 385 | / | 205 |
| Lumber Mill | 1 | 120 | / | 0 |
| Gryphon Aviary | 3 | 420 | / | 450 |
| Keep | 1 | 320 | / | 210 |
| Castle | 1 | 360 | / | 210 |
| total: | 24 | 2485g | / | 1145w |
| 0:04 | Peasant |
| 0:17 | Peasant |
| 0:17 | Peasant |
| 0:17 | Peasant |
| 0:17 | Peasant |
| 0:18 | Peasant |
| 1:06 | Farm |
| 1:10 | Peasant |
| 1:10 | Peasant |
| 1:10 | Peasant |
| 1:14 | Altar of Kings |
| 1:25 | Peasant |
| 1:25 | Peasant |
| 1:25 | Peasant |
| 1:29 | Farm |
| 1:38 | Barracks |
| 2:17 | Blacksmith |
| 2:49 | Peasant |
| 3:13 | Scout Tower |
| 3:16 | Peasant |
| 3:16 | Peasant |
| 3:18 | Footman |
| 3:23 | Summon Water Elemental |
| 3:33 | Arcane Tower |
| 3:39 | Farm |
| 3:40 | Farm |
| 3:50 | Peasant |
| 3:52 | Peasant |
| 3:52 | Peasant |
| 4:11 | Farm |
| 4:14 | Rifleman |
| 4:22 | Rifleman |
| 5:07 | Rifleman |
| 5:09 | Studded Leather Armor |
| 5:18 | Scout Tower |
| 5:33 | Farm |
| 5:35 | Rifleman |
| 5:58 | Arcane Tower |
| 6:37 | Scout Tower |
| 7:00 | Arcane Tower |
| 7:05 | Rifleman |
| 7:06 | Keep |
| 7:42 | Rifleman |
| 7:51 | Town Hall |
| 8:27 | Brilliance Aura |
| 8:38 | Rifleman |
| 8:43 | Rifleman |
| 8:53 | Scout Tower |
| 9:22 | Arcane Tower |
| 10:14 | Rifleman |
| 10:18 | Castle |
| 10:45 | Rifleman |
| 10:45 | Rifleman |
| 11:46 | Medallion of Courage |
| 11:48 | Gauntlets of Ogre Strength +3 |
| 11:55 | Holy Light |
| 12:01 | Rifleman |
| 12:05 | Lumber Mill |
| 12:49 | Peasant |
| 12:49 | Peasant |
| 13:01 | Gryphon Aviary |
| 13:02 | Gryphon Aviary |
| 13:03 | Improved Lumber Harvesting |
| 13:27 | Animal War Training |
| 13:32 | Gryphon Aviary |
| 13:38 | Reinforced Leather Armor |
| 13:38 | Iron Forged Swords |
| 13:57 | Periapt of Vitality |
| 13:57 | Circlet of Nobility |
| 14:20 | Storm Hammers |
| 14:23 | Advanced Lumber Harvesting |
| 14:26 | Gryphon Rider |
| 14:29 | Farm |
| 14:59 | Scroll of Town Portal |
| 16:12 | Farm |
| 16:14 | Farm |
| 16:17 | Dragonhide Armor |
| 16:17 | Steel Forged Swords |
| 17:22 | Divine Shield |
| 17:24 | Summon Water Elemental |
| 17:26 | Farm |
| 17:27 | Farm |
| 17:28 | Gryphon Rider |
| 18:11 | Shaman |
| 18:11 | Shaman |
| 18:11 | Shaman |
| 18:15 | Tauren |
| 18:15 | Tauren |
| 18:15 | Tauren |
| 18:26 | Farm |
| 18:29 | Gryphon Rider |
| 19:10 | Gryphon Rider |
| 19:10 | Gryphon Rider |
| Select | 312 |
| Right click | 311 |
| Misc. action | 178 |
| Build/train/purchase | 107 |
| Select group | 8 |
| Use ability | 6 |
| Item give/drop | 3 |
| Assign group | 2 |
| Minimap ping | 2 |
| Remove unit | 1 |


| Scroll of Regeneration | 2 | 200 |
| Lesser Clarity Potion | 1 | 70 |
| Scroll of Town Portal | 1 | 350 |
| Potion of Lesser Invulnerability | 1 | 150 |
| Healing Salve | 1 | 100 |
| total: | 6 | 870g |
| Peasant | 14 | 1050 | / | 0 |
| Footman | 9 | 1215 | / | 0 |
| Siege Engine | 5 | 975 | / | 300 |
| Mortar Team | 2 | 360 | / | 140 |
| Giant Sea Turtle | 2 | 590 | / | 70 |
| total: | 32 | 4190g | / | 510w |
| Scout Tower | 2 | 60 | / | 40 |
| Guard Tower | 1 | 70 | / | 50 |
| Altar of Kings | 1 | 180 | / | 50 |
| Farm | 9 | 720 | / | 180 |
| Barracks | 1 | 160 | / | 60 |
| Arcane Vault | 2 | 260 | / | 60 |
| Town Hall | 1 | 385 | / | 205 |
| Lumber Mill | 1 | 120 | / | 0 |
| Blacksmith | 1 | 140 | / | 60 |
| Workshop | 3 | 420 | / | 420 |
| Gryphon Aviary | 2 | 280 | / | 300 |
| Keep | 2 | 640 | / | 420 |
| Castle | 2 | 720 | / | 420 |
| total: | 23 | 2725g | / | 1375w |
| 0:02 | Peasant |
| 0:02 | Peasant |
| 0:08 | Altar of Kings |
| 0:13 | Farm |
| 0:17 | Peasant |
| 0:34 | Peasant |
| 0:45 | Peasant |
| 0:49 | Barracks |
| 0:53 | Farm |
| 1:07 | Peasant |
| 1:24 | Peasant |
| 1:35 | Peasant |
| 1:46 | Peasant |
| 1:52 | Footman |
| 1:57 | Farm |
| 2:04 | Footman |
| 2:13 | Flame Strike |
| 2:19 | Peasant |
| 2:51 | Footman |
| 3:08 | Peasant |
| 3:18 | Footman |
| 3:39 | Arcane Vault |
| 3:40 | Footman |
| 3:43 | Siphon Mana |
| 3:56 | Town Hall |
| 4:01 | Scout Tower |
| 4:02 | Scout Tower |
| 4:03 | Peasant |
| 4:17 | Lumber Mill |
| 4:25 | Peasant |
| 4:34 | Farm |
| 5:03 | Scroll of Regeneration |
| 5:04 | Lesser Clarity Potion |
| 5:14 | Keep |
| 5:30 | Footman |
| 5:38 | Peasant |
| 5:45 | Blacksmith |
| 5:58 | Footman |
| 6:05 | Improved Masonry |
| 6:14 | Guard Tower |
| 6:16 | Arcane Vault |
| 6:21 | Footman |
| 6:47 | Giant Sea Turtle |
| 6:53 | Footman |
| 7:15 | Flame Strike |
| 7:38 | Improved Lumber Harvesting |
| 7:41 | Workshop |
| 8:01 | Workshop |
| 8:33 | Blizzard |
| 8:48 | Black Gunpowder |
| 9:28 | Castle |
| 9:44 | Advanced Masonry |
| 10:20 | Scroll of Regeneration |
| 10:22 | Scroll of Town Portal |
| 10:29 | Farm |
| 10:42 | Iron Plating |
| 11:00 | Brilliance Aura |
| 11:05 | Potion of Lesser Invulnerability |
| 11:08 | Siphon Mana |
| 11:26 | Workshop |
| 11:30 | Farm |
| 11:41 | Refined Gunpowder |
| 11:57 | Barrage |
| 11:59 | Siege Engine |
| 12:08 | Giant Sea Turtle |
| 12:24 | Advanced Lumber Harvesting |
| 12:58 | Siege Engine |
| 14:01 | Fragmentation Shards |
| 14:17 | Siege Engine |
| 14:25 | Steel Plating |
| 14:28 | Farm |
| 14:29 | Farm |
| 15:20 | Siege Engine |
| 15:50 | Siege Engine |
| 16:02 | Farm |
| 16:48 | Mortar Team |
| 16:52 | Gryphon Aviary |
| 16:53 | Gryphon Aviary |
| 17:22 | Healing Salve |
| 18:09 | Mortar Team |
| Select | 1063 |
| Right click | 854 |
| Select group | 672 |
| Assign group | 206 |
| Misc. action | 147 |
| Resource trade | 87 |
| Build/train/purchase | 82 |
| Use ability | 33 |
| Minimap ping | 30 |
| Esc | 10 |
| Item give/drop | 2 |


| Healing Salve | 1 | 100 |
| Lesser Clarity Potion | 1 | 70 |
| total: | 2 | 170g |
| Peon | 14 | 1050 | / | 0 |
| Grunt | 4 | 800 | / | 0 |
| Spirit Walker | 2 | 390 | / | 70 |
| Shaman | 9 | 1170 | / | 180 |
| Troll Witch Doctor | 8 | 1160 | / | 200 |
| Tauren | 7 | 1960 | / | 560 |
| Makrura Deepseer | 1 | 500 | / | 100 |
| total: | 45 | 7030g | / | 1110w |
| Altar of Storms | 1 | 180 | / | 50 |
| Orc Burrow | 6 | 960 | / | 240 |
| Barracks | 1 | 180 | / | 50 |
| Voodoo Lounge | 1 | 130 | / | 30 |
| War Mill | 1 | 205 | / | 0 |
| Great Hall | 2 | 770 | / | 370 |
| Tauren Totem | 1 | 135 | / | 155 |
| Spirit Lodge | 1 | 150 | / | 150 |
| Stronghold | 2 | 630 | / | 380 |
| Fortress | 1 | 325 | / | 190 |
| total: | 14 | 2710g | / | 1045w |
| 0:02 | Peon |
| 0:03 | Peon |
| 0:10 | Altar of Storms |
| 0:16 | Orc Burrow |
| 0:20 | Peon |
| 0:47 | Peon |
| 1:07 | Peon |
| 1:10 | Barracks |
| 1:25 | Peon |
| 1:30 | Orc Burrow |
| 1:38 | Peon |
| 2:11 | Grunt |
| 2:25 | Stronghold |
| 2:28 | War Stomp |
| 2:44 | Voodoo Lounge |
| 2:58 | Grunt |
| 3:25 | Orc Burrow |
| 3:56 | Grunt |
| 4:28 | Grunt |
| 4:40 | Orc Burrow |
| 4:50 | Tauren Totem |
| 4:56 | Spirit Lodge |
| 4:59 | Peon |
| 5:06 | Endurance Aura |
| 5:13 | Berserker Strength |
| 5:21 | Peon |
| 5:26 | Peon |
| 6:08 | Fortress |
| 6:35 | Spirit Walker |
| 6:38 | Shaman |
| 6:56 | Healing Salve |
| 6:57 | Lesser Clarity Potion |
| 7:26 | Spirit Walker Adept Training |
| 7:29 | Shaman Adept Training |
| 7:30 | Shaman |
| 7:39 | War Stomp |
| 7:45 | Hex |
| 8:02 | Shaman |
| 8:04 | Witch Doctor Adept Training |
| 8:04 | Troll Witch Doctor |
| 8:48 | Shaman Master Training |
| 8:49 | Shaman |
| 8:55 | Orc Burrow |
| 9:22 | Spirit Walker |
| 9:22 | Spirit Walker Master Training |
| 9:31 | War Mill |
| 9:40 | Shaman |
| 9:41 | Troll Witch Doctor |
| 9:51 | Makrura Deepseer |
| 10:48 | Steel Armor |
| 10:50 | Steel Melee Weapons |
| 10:51 | Tauren |
| 10:51 | Tauren |
| 10:55 | Healing Wave |
| 10:58 | Witch Doctor Master Training |
| 10:59 | Shaman |
| 10:59 | Troll Witch Doctor |
| 11:28 | Great Hall |
| 11:33 | Great Hall |
| 11:58 | Tauren |
| 12:00 | Shaman |
| 12:05 | Troll Witch Doctor |
| 12:15 | Endurance Aura |
| 12:34 | Tauren |
| 12:35 | Troll Witch Doctor |
| 13:21 | Troll Witch Doctor |
| 13:43 | Orc Burrow |
| 13:48 | Pulverize |
| 14:29 | Thorium Armor |
| 14:36 | Troll Witch Doctor |
| 14:43 | Peon |
| 14:44 | Peon |
| 14:44 | Peon |
| 14:44 | Peon |
| 15:59 | Tauren |
| 15:59 | Tauren |
| 16:00 | Troll Witch Doctor |
| 16:01 | Shaman |
| 16:02 | Shaman |
| 16:11 | Healing Wave |
| 16:46 | Tauren |
| Right click | 865 |
| Select | 391 |
| Select group | 162 |
| Build/train/purchase | 103 |
| Misc. action | 62 |
| Assign group | 39 |
| Use ability | 21 |
| Remove unit | 3 |
| Esc | 3 |
| Item give/drop | 1 |
| Minimap ping | 1 |
97 units @ 9.9k
/ 0.9k
377 buildings @ 25.4k
/ 13.7k



| Lesser Clarity Potion | 3 | 210 |
| Staff of Sanctuary | 1 | 250 |
| Potion of Mana | 1 | 200 |
| Boots of Speed | 3 | 750 |
| Staff of Teleportation | 3 | 450 |
| Healing Salve | 2 | 200 |
| Orb of Lightning | 2 | 750 |
| total: | 15 | 2810g |
| Peasant | 18 | 1350 | / | 0 |
| Sorceress | 1 | 155 | / | 20 |
| Priest | 1 | 135 | / | 10 |
| Goblin Shredder | 2 | 750 | / | 200 |
| Goblin Zeppelin | 2 | 480 | / | 120 |
| Makrura Deepseer | 3 | 1500 | / | 300 |
| total: | 27 | 4370g | / | 650w |
| Scout Tower | 140 | 4200 | / | 2800 |
| Guard Tower | 33 | 2310 | / | 1650 |
| Arcane Tower | 3 | 210 | / | 150 |
| Altar of Kings | 1 | 180 | / | 50 |
| Farm | 6 | 480 | / | 120 |
| Lumber Mill | 1 | 120 | / | 0 |
| Town Hall | 1 | 385 | / | 205 |
| Arcane Vault | 7 | 910 | / | 210 |
| Arcane Sanctum | 1 | 150 | / | 140 |
| Keep | 1 | 320 | / | 210 |
| Castle | 1 | 360 | / | 210 |
| total: | 157 | 6425g | / | 3525w |
| 0:03 | Peasant |
| 0:03 | Peasant |
| 0:08 | Altar of Kings |
| 0:11 | Farm |
| 0:17 | Peasant |
| 0:31 | Peasant |
| 0:40 | Farm |
| 0:42 | Peasant |
| 0:52 | Lumber Mill |
| 0:56 | Peasant |
| 1:08 | Farm |
| 1:14 | Peasant |
| 1:28 | Scout Tower |
| 1:30 | Peasant |
| 1:32 | Scout Tower |
| 1:37 | Peasant |
| 1:42 | Peasant |
| 1:46 | Scout Tower |
| 1:46 | Scout Tower |
| 1:48 | Peasant |
| 1:53 | Scout Tower |
| 1:59 | Guard Tower |
| 2:04 | Peasant |
| 2:09 | Blizzard |
| 2:12 | Arcane Tower |
| 2:14 | Peasant |
| 2:14 | Peasant |
| 2:23 | Scout Tower |
| 2:44 | Arcane Tower |
| 2:45 | Scout Tower |
| 2:50 | Peasant |
| 2:51 | Peasant |
| 2:53 | Farm |
| 2:53 | Guard Tower |
| 3:00 | Scout Tower |
| 3:03 | Scout Tower |
| 3:03 | Scout Tower |
| 3:04 | Scout Tower |
| 3:05 | Scout Tower |
| 3:05 | Scout Tower |
| 3:07 | Arcane Tower |
| 3:32 | Scout Tower |
| 3:33 | Scout Tower |
| 3:33 | Scout Tower |
| 3:34 | Scout Tower |
| 3:35 | Improved Masonry |
| 3:53 | Brilliance Aura |
| 3:55 | Guard Tower |
| 3:57 | Peasant |
| 4:08 | Peasant |
| 4:18 | Scout Tower |
| 4:18 | Scout Tower |
| 4:20 | Scout Tower |
| 4:20 | Scout Tower |
| 4:51 | Town Hall |
| 5:03 | Boots of Speed |
| 5:21 | Guard Tower |
| 5:52 | Goblin Shredder |
| 6:04 | Scout Tower |
| 6:05 | Scout Tower |
| 6:10 | Keep |
| 6:13 | Scout Tower |
| 6:14 | Scout Tower |
| 6:23 | Guard Tower |
| 6:25 | Guard Tower |
| 6:29 | Scout Tower |
| 6:30 | Scout Tower |
| 6:33 | Guard Tower |
| 6:36 | Guard Tower |
| 6:43 | Scout Tower |
| 6:44 | Scout Tower |
| 6:56 | Guard Tower |
| 7:00 | Staff of Teleportation |
| 7:14 | Blizzard |
| 7:20 | Guard Tower |
| 7:22 | Scout Tower |
| 7:22 | Scout Tower |
| 7:30 | Guard Tower |
| 7:35 | Scout Tower |
| 7:35 | Scout Tower |
| 7:57 | Guard Tower |
| 8:19 | Scout Tower |
| 8:20 | Scout Tower |
| 8:20 | Scout Tower |
| 8:21 | Scout Tower |
| 8:21 | Scout Tower |
| 8:22 | Scout Tower |
| 8:22 | Scout Tower |
| 8:23 | Scout Tower |
| 8:26 | Guard Tower |
| 8:32 | Castle |
| 8:49 | Lesser Clarity Potion |
| 8:49 | Lesser Clarity Potion |
| 8:49 | Healing Salve |
| 8:50 | Healing Salve |
| 8:54 | Guard Tower |
| 8:55 | Scout Tower |
| 8:57 | Scout Tower |
| 9:21 | Guard Tower |
| 9:25 | Makrura Deepseer |
| 9:36 | Scout Tower |
| 9:39 | Scout Tower |
| 9:40 | Advanced Masonry |
| 9:42 | Scout Tower |
| 9:42 | Scout Tower |
| 9:43 | Scout Tower |
| 9:43 | Scout Tower |
| 9:43 | Scout Tower |
| 10:39 | Guard Tower |
| 10:40 | Scout Tower |
| 10:41 | Scout Tower |
| 10:42 | Scout Tower |
| 10:42 | Scout Tower |
| 10:43 | Scout Tower |
| 10:43 | Scout Tower |
| 10:44 | Scout Tower |
| 10:44 | Scout Tower |
| 10:50 | Scout Tower |
| 10:51 | Scout Tower |
| 10:51 | Scout Tower |
| 10:52 | Scout Tower |
| 10:52 | Scout Tower |
| 10:52 | Scout Tower |
| 10:53 | Scout Tower |
| 10:53 | Scout Tower |
| 10:54 | Scout Tower |
| 11:05 | Makrura Deepseer |
| 11:14 | Brilliance Aura |
| 11:29 | Guard Tower |
| 11:33 | Scout Tower |
| 11:33 | Scout Tower |
| 11:34 | Scout Tower |
| 11:34 | Scout Tower |
| 11:34 | Scout Tower |
| 11:35 | Scout Tower |
| 11:35 | Scout Tower |
| 11:36 | Scout Tower |
| 11:40 | Guard Tower |
| 12:00 | Makrura Deepseer |
| 12:24 | Guard Tower |
| 12:26 | Guard Tower |
| 12:30 | Farm |
| 13:34 | Guard Tower |
| 13:39 | Scout Tower |
| 13:41 | Scout Tower |
| 13:42 | Scout Tower |
| 13:42 | Scout Tower |
| 13:43 | Scout Tower |
| 13:43 | Scout Tower |
| 13:44 | Scout Tower |
| 13:44 | Scout Tower |
| 13:45 | Scout Tower |
| 13:45 | Scout Tower |
| 13:46 | Scout Tower |
| 13:46 | Scout Tower |
| 13:49 | Goblin Shredder |
| 13:52 | Guard Tower |
| 14:12 | Orb of Lightning |
| 14:25 | Guard Tower |
| 14:29 | Scout Tower |
| 14:30 | Scout Tower |
| 14:30 | Scout Tower |
| 14:31 | Scout Tower |
| 14:31 | Scout Tower |
| 14:32 | Scout Tower |
| 14:33 | Scout Tower |
| 14:33 | Scout Tower |
| 15:03 | Guard Tower |
| 15:08 | Flame Strike |
| 15:32 | Staff of Teleportation |
| 15:32 | Boots of Speed |
| 16:02 | Guard Tower |
| 16:04 | Imbued Masonry |
| 16:05 | Arcane Sanctum |
| 16:19 | Rain of Fire |
| 16:48 | Orb of Lightning |
| 16:58 | Farm |
| 17:03 | Staff of Teleportation |
| 17:04 | Boots of Speed |
| 18:05 | Guard Tower |
| 18:06 | Scout Tower |
| 18:07 | Scout Tower |
| 18:08 | Scout Tower |
| 18:08 | Scout Tower |
| 18:09 | Scout Tower |
| 18:09 | Scout Tower |
| 18:09 | Scout Tower |
| 18:10 | Scout Tower |
| 18:10 | Scout Tower |
| 18:10 | Scout Tower |
| 18:16 | Staff of Sanctuary |
| 18:23 | Guard Tower |
| 18:25 | Scout Tower |
| 18:26 | Scout Tower |
| 19:44 | Blizzard |
| 19:52 | Arcane Vault |
| 19:54 | Arcane Vault |
| 19:56 | Arcane Vault |
| 20:01 | Guard Tower |
| 20:03 | Scout Tower |
| 20:07 | Guard Tower |
| 20:09 | Arcane Vault |
| 20:13 | Arcane Vault |
| 20:34 | Arcane Vault |
| 20:40 | Goblin Zeppelin |
| 20:50 | Magic Sentry |
| 20:50 | Priest Adept Training |
| 20:50 | Sorceress Adept Training |
| 20:51 | Sorceress |
| 20:52 | Priest |
| 20:58 | Guard Tower |
| 21:08 | Arcane Vault |
| 21:39 | Goblin Zeppelin |
| 21:51 | Scout Tower |
| 21:51 | Scout Tower |
| 21:52 | Scout Tower |
| 21:52 | Scout Tower |
| 21:53 | Scout Tower |
| 21:53 | Scout Tower |
| 21:54 | Scout Tower |
| 21:54 | Scout Tower |
| 23:05 | Siphon Mana |
| 23:27 | Guard Tower |
| 23:32 | Guard Tower |
| 23:43 | Scout Tower |
| 23:44 | Scout Tower |
| 23:44 | Scout Tower |
| 23:45 | Scout Tower |
| 23:45 | Scout Tower |
| 23:45 | Scout Tower |
| 23:46 | Scout Tower |
| 23:46 | Scout Tower |
| 23:47 | Scout Tower |
| 23:47 | Scout Tower |
| 23:47 | Scout Tower |
| 24:17 | Scout Tower |
| 24:18 | Scout Tower |
| 24:18 | Scout Tower |
| 24:18 | Scout Tower |
| 24:18 | Scout Tower |
| 24:18 | Scout Tower |
| 25:10 | Guard Tower |
| 25:12 | Scout Tower |
| 25:12 | Scout Tower |
| 25:13 | Scout Tower |
| 25:13 | Scout Tower |
| 25:13 | Scout Tower |
| 25:13 | Scout Tower |
| 25:13 | Scout Tower |
| 25:36 | Potion of Mana |
| 25:36 | Lesser Clarity Potion |
| Right click | 1150 |
| Select | 318 |
| Select group | 275 |
| Build/train/purchase | 145 |
| Use ability | 111 |
| Resource trade | 48 |
| Misc. action | 31 |
| Assign group | 22 |
| Item give/drop | 6 |
| Esc | 4 |



| Orb of Venom | 1 | 325 |
| Potion of Healing | 1 | 150 |
| Staff of Teleportation | 3 | 450 |
| Boots of Speed | 3 | 750 |
| Circlet of Nobility | 2 | 350 |
| Periapt of Vitality | 1 | 325 |
| Staff of Sanctuary | 3 | 750 |
| Healing Salve | 1 | 100 |
| Pendant of Energy | 1 | 300 |
| Claws of Attack +12 | 1 | 500 |
| Medallion of Courage | 1 | 500 |
| Ancient Janggo of Endurance | 1 | 500 |
| total: | 19 | 5000g |
| Wisp | 29 | 1740 | / | 0 |
| total: | 29 | 1740g | / | 0w |
| Altar of Elders | 1 | 180 | / | 50 |
| Moon Well | 16 | 2880 | / | 640 |
| Ancient of Wonders | 1 | 90 | / | 30 |
| Hunter's Hall | 1 | 210 | / | 100 |
| Tree of Life | 2 | 680 | / | 370 |
| Tree of Ages | 1 | 320 | / | 180 |
| Tree of Eternity | 1 | 330 | / | 200 |
| total: | 21 | 4040g | / | 1190w |
| 0:04 | Wisp |
| 0:04 | Wisp |
| 0:05 | Altar of Elders |
| 0:10 | Moon Well |
| 0:17 | Wisp |
| 0:24 | Wisp |
| 0:48 | Moon Well |
| 0:55 | Wisp |
| 1:02 | Wisp |
| 1:11 | Wisp |
| 1:26 | Wisp |
| 1:48 | Wisp |
| 1:49 | Wisp |
| 2:04 | Entangling Roots |
| 2:09 | Wisp |
| 2:09 | Wisp |
| 2:09 | Wisp |
| 2:50 | Wisp |
| 2:50 | Wisp |
| 3:01 | Wisp |
| 3:02 | Wisp |
| 3:26 | Wisp |
| 4:00 | Staff of Teleportation |
| 4:00 | Boots of Speed |
| 4:05 | Circlet of Nobility |
| 4:19 | Wisp |
| 4:19 | Wisp |
| 5:28 | Tree of Ages |
| 5:32 | Moon Well |
| 5:33 | Moon Well |
| 5:49 | Moon Well |
| 7:01 | Moon Well |
| 7:02 | Moon Well |
| 7:50 | Tree of Eternity |
| 8:09 | Ancient of Wonders |
| 8:13 | Hunter's Hall |
| 8:29 | Tree of Life |
| 8:44 | Frost Arrows |
| 9:07 | Thorns Aura |
| 10:21 | Tree of Life |
| 10:38 | Ultravision |
| 10:40 | Well Spring |
| 10:49 | Orb of Venom |
| 11:03 | Moon Well |
| 11:05 | Moon Well |
| 11:08 | Moon Well |
| 11:09 | Moon Well |
| 11:14 | Circlet of Nobility |
| 11:21 | Trueshot Aura |
| 11:32 | Boots of Speed |
| 11:32 | Staff of Teleportation |
| 11:37 | Periapt of Vitality |
| 11:41 | Boots of Speed |
| 12:16 | Mana Shield |
| 12:54 | Moon Well |
| 12:55 | Moon Well |
| 12:56 | Moon Well |
| 13:03 | Wisp |
| 13:03 | Wisp |
| 13:03 | Wisp |
| 13:03 | Wisp |
| 13:05 | Wisp |
| 13:44 | Pendant of Energy |
| 14:05 | Wisp |
| 14:05 | Wisp |
| 14:05 | Wisp |
| 14:06 | Wisp |
| 15:17 | Entangling Roots |
| 15:19 | Searing Arrows |
| 17:44 | Staff of Teleportation |
| 18:11 | Frost Arrows |
| 19:21 | Thorns Aura |
| 20:28 | Claws of Attack +12 |
| 20:31 | Medallion of Courage |
| 22:34 | Staff of Sanctuary |
| 22:40 | Ancient Janggo of Endurance |
| 24:15 | Staff of Sanctuary |
| 24:19 | Staff of Sanctuary |
| 25:03 | Moon Well |
| 25:05 | Moon Well |
| 25:38 | Healing Salve |
| 25:52 | Potion of Healing |
| Right click | 1482 |
| Select group | 917 |
| Select | 227 |
| Resource trade | 155 |
| Build/train/purchase | 77 |
| Chat | 74 |
| Misc. action | 66 |
| Use ability | 62 |
| Minimap ping | 57 |
| Item give/drop | 14 |
| Assign group | 5 |
| Esc | 2 |



| Staff of Sanctuary | 3 | 750 |
| Potion of Healing | 3 | 450 |
| Staff of Teleportation | 3 | 450 |
| Boots of Speed | 3 | 750 |
| Healing Salve | 1 | 100 |
| total: | 13 | 2500g |
| Peasant | 19 | 1425 | / | 0 |
| Priest | 2 | 270 | / | 20 |
| total: | 21 | 1695g | / | 20w |
| Scout Tower | 103 | 3090 | / | 2060 |
| Arcane Tower | 2 | 140 | / | 100 |
| Guard Tower | 39 | 2730 | / | 1950 |
| Altar of Kings | 3 | 540 | / | 150 |
| Farm | 8 | 640 | / | 160 |
| Lumber Mill | 2 | 240 | / | 0 |
| Arcane Vault | 2 | 260 | / | 60 |
| Town Hall | 1 | 385 | / | 205 |
| Arcane Sanctum | 1 | 150 | / | 140 |
| Keep | 1 | 320 | / | 210 |
| Castle | 1 | 360 | / | 210 |
| total: | 120 | 5305g | / | 2775w |
| 0:03 | Peasant |
| 0:03 | Peasant |
| 0:08 | Altar of Kings |
| 0:10 | Altar of Kings |
| 0:17 | Peasant |
| 0:19 | Farm |
| 0:21 | Scout Tower |
| 0:22 | Farm |
| 0:24 | Peasant |
| 0:38 | Peasant |
| 1:06 | Lumber Mill |
| 1:26 | Peasant |
| 1:32 | Scout Tower |
| 1:40 | Arcane Tower |
| 1:45 | Peasant |
| 1:47 | Scout Tower |
| 1:47 | Peasant |
| 2:06 | Guard Tower |
| 2:09 | Blizzard |
| 2:35 | Guard Tower |
| 2:35 | Scout Tower |
| 2:36 | Scout Tower |
| 2:37 | Peasant |
| 2:37 | Peasant |
| 2:37 | Peasant |
| 2:37 | Peasant |
| 2:53 | Improved Masonry |
| 2:57 | Peasant |
| 2:57 | Peasant |
| 2:58 | Peasant |
| 3:19 | Guard Tower |
| 3:20 | Peasant |
| 3:26 | Brilliance Aura |
| 3:40 | Staff of Teleportation |
| 3:41 | Boots of Speed |
| 3:46 | Guard Tower |
| 3:47 | Scout Tower |
| 3:48 | Scout Tower |
| 3:52 | Keep |
| 3:55 | Farm |
| 3:56 | Farm |
| 4:10 | Advanced Masonry |
| 4:59 | Arcane Vault |
| 5:12 | Guard Tower |
| 5:14 | Scout Tower |
| 5:14 | Scout Tower |
| 5:15 | Scout Tower |
| 5:17 | Scout Tower |
| 5:17 | Scout Tower |
| 5:32 | Healing Salve |
| 6:00 | Guard Tower |
| 6:32 | Blizzard |
| 6:53 | Guard Tower |
| 6:53 | Guard Tower |
| 6:55 | Scout Tower |
| 7:00 | Arcane Sanctum |
| 7:09 | Castle |
| 7:30 | Storm Bolt |
| 8:16 | Town Hall |
| 8:26 | Scout Tower |
| 8:27 | Scout Tower |
| 8:27 | Scout Tower |
| 8:28 | Scout Tower |
| 8:28 | Scout Tower |
| 8:29 | Scout Tower |
| 8:29 | Scout Tower |
| 8:30 | Scout Tower |
| 8:30 | Scout Tower |
| 8:31 | Scout Tower |
| 8:32 | Scout Tower |
| 8:32 | Scout Tower |
| 8:34 | Scout Tower |
| 8:34 | Scout Tower |
| 8:35 | Scout Tower |
| 8:35 | Scout Tower |
| 8:49 | Guard Tower |
| 9:14 | Bash |
| 9:37 | Guard Tower |
| 10:29 | Holy Light |
| 10:30 | Peasant |
| 10:38 | Guard Tower |
| 10:44 | Arcane Vault |
| 10:45 | Peasant |
| 11:13 | Imbued Masonry |
| 11:13 | Improved Lumber Harvesting |
| 11:17 | Staff of Sanctuary |
| 11:35 | Guard Tower |
| 11:35 | Guard Tower |
| 11:36 | Guard Tower |
| 11:37 | Peasant |
| 12:12 | Staff of Teleportation |
| 12:12 | Boots of Speed |
| 12:16 | Boots of Speed |
| 12:55 | Staff of Sanctuary |
| 13:06 | Guard Tower |
| 13:41 | Magic Sentry |
| 13:41 | Priest |
| 13:42 | Priest Adept Training |
| 13:45 | Guard Tower |
| 13:46 | Guard Tower |
| 13:53 | Scout Tower |
| 13:53 | Scout Tower |
| 13:54 | Scout Tower |
| 13:55 | Scout Tower |
| 14:18 | Staff of Sanctuary |
| 14:23 | Scout Tower |
| 14:24 | Scout Tower |
| 14:25 | Scout Tower |
| 14:25 | Scout Tower |
| 14:26 | Scout Tower |
| 14:26 | Scout Tower |
| 14:35 | Scout Tower |
| 14:36 | Scout Tower |
| 14:36 | Scout Tower |
| 16:01 | Guard Tower |
| 16:02 | Guard Tower |
| 16:05 | Scout Tower |
| 16:06 | Scout Tower |
| 16:06 | Scout Tower |
| 16:07 | Scout Tower |
| 16:11 | Potion of Healing |
| 16:11 | Potion of Healing |
| 16:27 | Guard Tower |
| 16:41 | Scout Tower |
| 16:41 | Scout Tower |
| 16:41 | Scout Tower |
| 16:42 | Scout Tower |
| 16:45 | Brilliance Aura |
| 16:49 | Guard Tower |
| 16:52 | Scout Tower |
| 16:52 | Scout Tower |
| 16:53 | Scout Tower |
| 16:53 | Scout Tower |
| 16:54 | Scout Tower |
| 17:13 | Scout Tower |
| 17:14 | Scout Tower |
| 17:14 | Scout Tower |
| 17:14 | Scout Tower |
| 17:15 | Guard Tower |
| 17:18 | Scout Tower |
| 17:19 | Scout Tower |
| 17:19 | Scout Tower |
| 17:20 | Scout Tower |
| 17:20 | Scout Tower |
| 17:20 | Scout Tower |
| 17:50 | Guard Tower |
| 17:51 | Guard Tower |
| 17:53 | Scout Tower |
| 17:54 | Scout Tower |
| 17:54 | Scout Tower |
| 17:54 | Scout Tower |
| 17:58 | Storm Bolt |
| 18:03 | Divine Shield |
| 18:14 | Guard Tower |
| 18:21 | Guard Tower |
| 18:23 | Scout Tower |
| 18:24 | Scout Tower |
| 18:25 | Scout Tower |
| 18:25 | Scout Tower |
| 18:27 | Scout Tower |
| 18:53 | Guard Tower |
| 19:15 | Scout Tower |
| 19:15 | Scout Tower |
| 19:15 | Scout Tower |
| 19:16 | Scout Tower |
| 19:33 | Guard Tower |
| 19:44 | Guard Tower |
| 19:58 | Priest |
| 20:28 | Scout Tower |
| 20:29 | Scout Tower |
| 20:29 | Scout Tower |
| 20:29 | Scout Tower |
| 20:30 | Scout Tower |
| 20:30 | Scout Tower |
| 20:31 | Scout Tower |
| 20:31 | Scout Tower |
| 20:34 | Guard Tower |
| 21:00 | Guard Tower |
| 21:03 | Scout Tower |
| 21:04 | Scout Tower |
| 21:05 | Scout Tower |
| 21:05 | Scout Tower |
| 21:06 | Scout Tower |
| 21:06 | Scout Tower |
| 21:06 | Scout Tower |
| 21:34 | Guard Tower |
| 22:24 | Guard Tower |
| 23:05 | Staff of Teleportation |
| 23:42 | Holy Light |
| 23:51 | Altar of Kings |
| 23:54 | Scout Tower |
| 23:55 | Scout Tower |
| 23:56 | Scout Tower |
| 23:56 | Scout Tower |
| 23:57 | Scout Tower |
| 23:59 | Potion of Healing |
| 24:15 | Farm |
| 24:16 | Farm |
| 24:16 | Farm |
| 24:16 | Farm |
| 24:45 | Lumber Mill |
| 25:18 | Scout Tower |
| 25:19 | Scout Tower |
| 25:21 | Scout Tower |
| 25:22 | Scout Tower |
| 25:23 | Scout Tower |
| Right click | 2517 |
| Select | 688 |
| Select group | 326 |
| Build/train/purchase | 140 |
| Use ability | 103 |
| Misc. action | 34 |
| Minimap ping | 27 |
| Chat | 22 |
| Assign group | 12 |
| Item give/drop | 7 |
| Remove unit | 7 |
| Resource trade | 4 |
| Esc | 1 |


| Healing Salve | 3 | 300 |
| Orb of Lightning | 2 | 750 |
| Boots of Speed | 2 | 500 |
| Staff of Teleportation | 2 | 300 |
| Staff of Sanctuary | 2 | 500 |
| Ancient Janggo of Endurance | 1 | 500 |
| Khadgar's Pipe of Insight | 1 | 500 |
| total: | 13 | 3350g |
| Peon | 16 | 1200 | / | 0 |
| Troll Batrider | 3 | 480 | / | 120 |
| Goblin Shredder | 1 | 375 | / | 100 |
| total: | 20 | 2055g | / | 220w |
| Watch Tower | 62 | 6820 | / | 4960 |
| Altar of Storms | 2 | 360 | / | 100 |
| Orc Burrow | 3 | 480 | / | 120 |
| War Mill | 1 | 205 | / | 0 |
| Voodoo Lounge | 5 | 650 | / | 150 |
| Great Hall | 1 | 385 | / | 185 |
| Beastiary | 5 | 725 | / | 700 |
| Stronghold | 1 | 315 | / | 190 |
| Fortress | 1 | 325 | / | 190 |
| total: | 79 | 9625g | / | 6215w |
| 0:02 | Peon |
| 0:02 | Peon |
| 0:04 | Altar of Storms |
| 0:18 | Orc Burrow |
| 0:24 | Peon |
| 0:39 | Peon |
| 0:49 | War Mill |
| 0:55 | Peon |
| 1:09 | Voodoo Lounge |
| 1:16 | Peon |
| 1:29 | Orc Burrow |
| 1:32 | Peon |
| 1:38 | Peon |
| 1:59 | Peon |
| 2:02 | Watch Tower |
| 2:07 | Wind Walk |
| 2:15 | Healing Salve |
| 2:20 | Peon |
| 2:35 | Watch Tower |
| 2:50 | Watch Tower |
| 2:54 | Peon |
| 3:22 | Peon |
| 3:32 | Watch Tower |
| 3:43 | Stronghold |
| 3:50 | Watch Tower |
| 4:00 | Watch Tower |
| 4:14 | Voodoo Lounge |
| 4:17 | Voodoo Lounge |
| 4:36 | Orc Burrow |
| 4:55 | Watch Tower |
| 5:12 | Critical Strike |
| 5:27 | Watch Tower |
| 5:33 | Boots of Speed |
| 5:42 | Staff of Teleportation |
| 6:02 | Watch Tower |
| 6:09 | Watch Tower |
| 6:44 | Watch Tower |
| 6:45 | Watch Tower |
| 6:54 | Watch Tower |
| 7:00 | Spiked Barricades |
| 7:00 | Reinforced Defenses |
| 7:08 | Healing Salve |
| 7:11 | Hex |
| 7:33 | Watch Tower |
| 7:36 | Watch Tower |
| 8:19 | Great Hall |
| 8:23 | Watch Tower |
| 8:31 | Voodoo Lounge |
| 8:35 | Voodoo Lounge |
| 9:25 | Watch Tower |
| 9:28 | Watch Tower |
| 9:30 | Watch Tower |
| 9:33 | Watch Tower |
| 9:41 | Watch Tower |
| 9:59 | Wind Walk |
| 10:01 | Healing Wave |
| 10:40 | Watch Tower |
| 10:44 | Watch Tower |
| 10:58 | Peon |
| 10:58 | Peon |
| 10:59 | Peon |
| 10:59 | Peon |
| 11:02 | Beastiary |
| 11:07 | Beastiary |
| 11:17 | Healing Salve |
| 11:23 | Fortress |
| 11:35 | Watch Tower |
| 11:43 | Watch Tower |
| 11:48 | Watch Tower |
| 12:00 | Watch Tower |
| 12:29 | Goblin Shredder |
| 12:50 | Watch Tower |
| 12:53 | Watch Tower |
| 13:24 | Watch Tower |
| 13:45 | Watch Tower |
| 13:47 | Liquid Fire |
| 13:55 | Watch Tower |
| 14:15 | Watch Tower |
| 14:16 | Watch Tower |
| 14:17 | Watch Tower |
| 14:28 | Watch Tower |
| 14:32 | Boots of Speed |
| 14:32 | Staff of Teleportation |
| 15:29 | Critical Strike |
| 15:46 | Watch Tower |
| 15:47 | Watch Tower |
| 15:49 | Watch Tower |
| 15:51 | Watch Tower |
| 15:52 | Watch Tower |
| 16:02 | Beastiary |
| 16:04 | Beastiary |
| 16:05 | Steel Ranged Weapons |
| 16:06 | Steel Armor |
| 16:07 | Improved Spiked Barricades |
| 16:35 | Healing Wave |
| 16:53 | Watch Tower |
| 16:54 | Watch Tower |
| 16:56 | Watch Tower |
| 16:58 | Watch Tower |
| 17:00 | Watch Tower |
| 17:13 | Beastiary |
| 17:57 | Wind Walk |
| 18:00 | Watch Tower |
| 18:01 | Watch Tower |
| 18:15 | Watch Tower |
| 18:22 | Watch Tower |
| 18:25 | Altar of Storms |
| 18:42 | Orb of Lightning |
| 19:11 | Watch Tower |
| 19:12 | Watch Tower |
| 19:19 | Watch Tower |
| 19:22 | Troll Batrider |
| 19:54 | Thorium Ranged Weapons |
| 19:54 | Thorium Armor |
| 20:27 | Troll Batrider |
| 20:34 | Watch Tower |
| 21:09 | Ancient Janggo of Endurance |
| 21:19 | Khadgar's Pipe of Insight |
| 21:38 | Orb of Lightning |
| 21:41 | Watch Tower |
| 22:09 | Staff of Sanctuary |
| 22:15 | Staff of Sanctuary |
| 22:58 | Watch Tower |
| 23:38 | Troll Batrider |
| 24:11 | Watch Tower |
| 24:25 | Arcanite Ranged Weapons |
| 24:25 | Arcanite Armor |
| 24:32 | Watch Tower |
| 24:54 | Watch Tower |
| 24:55 | Watch Tower |
| 24:57 | Watch Tower |
| 25:20 | Watch Tower |
| 25:52 | Bladestorm |
| Right click | 1524 |
| Select | 497 |
| Select group | 351 |
| Misc. action | 98 |
| Build/train/purchase | 84 |
| Use ability | 64 |
| Assign group | 8 |
| Item give/drop | 8 |
| Esc | 3 |
⇛